 Dungeon Crawl Stone Soup version 0.24-a0-417-g1cce26a4d2 (webtiles) character file.

Game seed: 6400663074238028455

8076 Chimkentus the Skirmisher (level 11, 0/75 HPs)
             Began as an Octopode Assassin on June 9, 2019.
             Slain by a hornet (11 damage)
             ... on level 6 of the Dungeon on June 10, 2019.
             The game lasted 01:50:20 (13262 turns).

Chimkentus the Skirmisher (Octopode Assassin)      Turns: 13262, Time: 01:50:21

Health: 0/75       AC:  3    Str: 21    XL:     11   Next: 25%
Magic:  10/18      EV: 17    Int: 14    God:
Gold:   592        SH:  0    Dex: 13    Spells: 10/20 levels left

rFire    . . .     SeeInvis .   B - +9 spear of the Twenty Wishes {freeze, rN+++ MR- Str+7 Stlth+}
rCold    . . .     Gourm    .   (no shield)
rNeg     + + +     Faith    .   Q - +2 hat
rPois    .         Spirit   .   (no amulet)
rElec    .         Reflect  .   o - ring of stealth
rCorr    .         Harm     .   E - ring of protection from magic
MR       .....                  S - ring of positive energy
Stlth    ++++++....             (no ring)
HPRegen  0.22/turn              (no ring)
MPRegen  0.16/turn              (no ring)
                                (no ring)
                                (no ring)

@: about to teleport, slowed, studying Long Blades, very slow
A: almost no armour, stealthy swim, amphibious, 8 rings, constrict 8, camouflage
1, gelatinous body 1
a: no special abilities


You were on level 6 of the Dungeon.
You were very hungry.

You visited 2 branches of the dungeon, and saw 12 of its levels.

You collected 592 gold pieces.

Inventory:

Hand Weapons
 a - a +2 dagger
 k - a +0 hunting sling
 x - a cursed +3 falchion of freezing
 A - a +0 dire flail of protection
 B - the +9 spear of the Twenty Wishes (weapon) {freeze, rN+++ MR- Str+7 Stlth+}
   (You found it on level 4 of the Dungeon)

   It has been specially enchanted to freeze those struck by it, causing extra
   injury to most foes and up to half again as much damage against particularly
   susceptible opponents.
   It can also slow down cold-blooded creatures.
   It affects your strength (+7).
   It renders you almost immune to negative energy.
   It affects your resistance to hostile enchantments.
   It makes you more stealthy.
 C - a +0 long sword
 D - a +1 dagger of venom
 I - a +4 hand axe
 K - a +1 whip of draining
 U - a +3 flail
Missiles
 b - 25 poisoned darts
 c - 2 curare-tipped darts
 e - 77 sling bullets
 g - 3 atropa-tipped darts
 h - 156 arrows
 q - 67 bolts
 r - 2 throwing nets
 t - 6 boomerangs
 y - 243 stones
 L - 3 datura-tipped darts
 P - 4 javelins (quivered)
Armour
 Q - a +2 hat (worn)
Jewellery
 o - a ring of stealth (left tentacle)
 E - a ring of protection from magic (right tentacle)
 S - a ring of positive energy (on tentacle)
Wands
 N - a wand of enslavement (9)
 O - a wand of random effects (19)
Scrolls
 f - 4 scrolls of amnesia
 i - 2 scrolls of enchant armour
 m - 3 scrolls of immolation
 n - a scroll of magic mapping
 u - 2 scrolls of teleportation
 v - 2 scrolls of remove curse
 w - a scroll of random uselessness
 G - a scroll of fear {unknown}
 H - a scroll of enchant weapon {unknown}
 M - a scroll of summoning
 V - a scroll of vulnerability {unknown}
 W - a scroll of noise {unknown}
Potions
 l - 5 potions of haste
 p - 3 potions of brilliance
 z - 2 potions of flight
 F - 2 potions of lignification
 J - a potion of ambrosia
Books
 R - a manual of Long Blades
Comestibles
 d - 24 rations


   Skills:
 * Level 7.1 Fighting
 + Level 4.0 Short Blades
 + Level 0.1 Maces & Flails
 + Level 4.4 Polearms
 + Level 5.9 Throwing
 * Level 7.0 Dodging
 + Level 5.7 Stealth
 + Level 5.2 Spellcasting
 * Level 6.5 Conjurations
 + Level 4.2 Air Magic
 + Level 6.4 Poison Magic


You had 10 spell levels left.
You knew the following spells:

 Your Spells              Type           Power        Failure   Level  Hunger
a - Sting                 Conj/Pois      ###.         1%          1    None
b - Poisonous Vapours     Pois/Air       ###...       3%          2    ##.....
c - Mephitic Cloud        Conj/Pois/Air  ###.....     4%          3    ###....
d - Olgreb's Toxic Radia  Pois           ###.....     12%         4    ####...

Your spell library contained the following spells:

 Spells                   Type           Power        Failure   Level  Hunger
 Venom Bolt               Conj/Pois      ###.......   32%         5    ######.


Dungeon Overview and Level Annotations

Branches:
Dungeon (11/15)            Temple (1/1) D:7            Lair (0/6) D:10
    Orc: D:9-12

Altars:
Ashenzari
Cheibriados
Dithmenos
Elyvilon
Fedhas
Gozag
Hepliaklqana
Kikubaaqudgha
Makhleb
Nemelex Xobeh
Okawaru
Qazlal
Ru
Sif Muna
Trog
Uskayaw
Vehumet
Wu Jian
Xom
Yredelemnul
Zin
The Shining One

Shops:
D:4 (

Annotations:
D:6 1 transporter, mitkoXXVII's ghost, novice BaIE
D:11 Erica


Innate Abilities, Weirdness & Mutations

You cannot wear most types of armour.
You are very stealthy in the water. (Stealth+)
You are amphibious.
You can wear up to eight rings at the same time.
You can use your tentacles to constrict eight enemies at once.
Your skin changes colour to match your surroundings (Stealth+).
Your rubbery body absorbs attacks. (AC +1, EV +1)


Message History

Casting: Poisonous Vapours (safe; 3% risk of failure)
Confirm with . or Enter, or press ? or * to list all spells.
You begin to radiate toxic energy.
The killer bee is poisoned.
The hornet is poisoned.
The killer bee is poisoned. x2
You are feeling very hungry.
The killer bee stings you. The killer bee misses you. The hornet stings you!
* * * LOW HITPOINT WARNING * * *
You feel yourself slow down. The killer bee closely misses you.
MitkoXXVII's ghost misses you. The hornet stings you!
* * * LOW HITPOINT WARNING * * *
You feel as though you will be slow longer.
The killer bee misses you.
Unknown command.
You feel better.
The killer bee looks even sicker. x2
Your toxic aura wanes.
The killer bee stings you.
* * * LOW HITPOINT WARNING * * *
The killer bee completely misses you. The killer bee closely misses you.
The hornet stings you!
You die...

##.# ###.###..#########.#
>..#####.......©.......##.#
##....#..#############..#[#
###....#####..©..#####...#
#...###.#.#%W.#...###..#
#...##..#..###..#..##..#
#...###...#...#...###..#
#....#####..#yW#####.).#
#..)###.#.#yy@#%).###.##
#...##..#..###y.#..##.#
#...###...#y..#%..###.#
##...#####)?©=$#####..#
#....#############..##
##.........©.......##
##.........########
###########


You could see a hornet, 3 killer bees and mitkoXXVII's ghost.

Vanquished Creatures
  Snorg (D:9)
  Harold (D:7)
  Pikel (D:6)
  A wolf spider (D:10)
  A hippogriff (D:9)
  4 yaks
  A spriggan (D:7)
  Menkaure (D:7)
  Edmund (D:4)
  A water moccasin (D:9)
  4 orc warriors
  2 porcupines (D:10)
  3 sky beasts
  4 black bears
  3 ogres
  4 slaves
  2 centaurs (D:10)
  A crocodile (D:10)
  2 big kobolds
  6 bullfrogs
  A scorpion (D:10)
  3 killer bees (D:6)
  7 wights
  3 howler monkeys
  6 crimson imps
  4 hounds
  A centaur zombie (D:8)
  11 orc wizards
  2 bullfrog zombies
  A bullfrog skeleton (D:4)
  2 centaur skeletons
  2 jellies
  7 orc priests
  3 iguanas
  9 worker ants
  2 killer bee zombies (D:8)
  A hound zombie (D:8)
  A howler monkey zombie (D:9)
  12 adders
  4 gnolls (D:10)
  An ooze (D:1)
  2 worms (D:2)
  3 dart slugs
  5 leopard geckos
  39 orcs
  2 ball pythons (D:1)
  11 bats
  3 giant cockroaches
  10 goblins
  6 hobgoblins
  13 jackals
  8 quokkas
  6 frilled lizards
  A jackal zombie (D:8)
  16 kobolds
  10 rats
262 creatures vanquished.

Vanquished Creatures (others)
  An adder (D:3)
  A giant cockroach (D:3)
  48 fungi (D:10)
  16 plants (D:10)
  3 toadstools (D:1)
69 creatures vanquished.

Grand Total: 331 creatures vanquished

Notes
Turn   | Place    | Note
-------+----------+-------------------------------------------
     0 | D:1      | Chimkentus the Octopode Assassin began the quest for the
                  | Orb.
     0 | D:1      | Reached XP level 1. HP: 14/14 MP: 1/1
   120 | D:1      | Reached XP level 2. HP: 19/19 MP: 2/2
   411 | D:1      | Reached XP level 3. HP: 25/25 MP: 3/3
   842 | D:2      | Reached XP level 4. HP: 18/30 MP: 4/4
  1042 | D:2      | Found an iron altar of Okawaru.
  1818 | D:2      | Learned a level 1 spell: Sting
  1821 | D:2      | Learned a level 2 spell: Poisonous Vapours
  1899 | D:2      | Reached XP level 5. HP: 36/36 MP: 2/5
  2001 | D:2      | Found a sparkling altar of Nemelex Xobeh.
  2923 | D:4      | Found Kovetuwi's Antique Weapon Shop.
  2974 | D:4      | Got a fine spear
  2975 | D:4      | Identified the +9 spear of the Twenty Wishes {freeze, rN+++
                  | MR- Str+7 Stlth+} (You found it on level 4 of the Dungeon)
  3138 | D:4      | Reached XP level 6. HP: 33/42 MP: 6/6
  3254 | D:4      | Reached skill level 1 in Poison Magic
  3281 | D:4      | Reached skill level 1 in Conjurations
  3301 | D:4      | Noticed Edmund
  3319 | D:4      | Killed Edmund
  3530 | D:4      | Reached skill level 1 in Air Magic
  3530 | D:4      | Reached XP level 7. HP: 44/46 MP: 4/8
  3744 | D:4      | Found a shadowy altar of Dithmenos.
  3805 | D:5      | Entered Level 5 of the Dungeon
  4276 | D:5      | Reached skill level 1 in Polearms
  4276 | D:5      | Reached skill level 1 in Spellcasting
  5017 | D:6      | Reached XP level 8. HP: 54/54 MP: 10/10
  5212 | D:6      | Noticed Pikel
  5777 | D:6      | Killed Pikel
  5862 | D:6      | Noticed a hornet
  6264 | D:5      | Learned a level 3 spell: Mephitic Cloud
  6270 | D:6      | Reached skill level 5 in Fighting
  6272 | D:6      | Reached XP level 9. HP: 56/61 MP: 8/12
  6331 | D:6      | Found a transporter.
  6335 | D:6      | Found a transporter.
  6886 | D:7      | Noticed Menkaure
  6893 | D:7      | Killed Menkaure
  6893 | D:7      | Reached skill level 5 in Dodging
  7404 | D:7      | Found a shadowy altar of Dithmenos.
  7440 | D:7      | Noticed Harold
  7444 | D:7      | You fall into a shaft and drop 3 floors!
  7444 | D:10     | Entered Level 10 of the Dungeon
  7857 | D:9      | Reached skill level 5 in Throwing
  8044 | D:9      | Reached skill level 5 in Poison Magic
  8334 | D:9      | Reached skill level 5 in Conjurations
  8374 | D:9      | Reached XP level 10. HP: 62/68 MP: 15/15
 10655 | D:7      | Killed Harold
 10670 | D:7      | Found a staircase to the Ecumenical Temple.
 10678 | Temple   | Entered the Ecumenical Temple
 11431 | D:10     | Noticed Snorg
 11432 | D:10     | Upgraded the game from 0.24-a0-416-g56ce5178b7 to
                  | 0.24-a0-417-g1cce26a4d2
 11452 | D:9      | Killed Snorg
 11714 | D:9      | Learned a level 4 spell: Olgreb's Toxic Radiance
 11951 | D:10     | Noticed a wolf spider
 11957 | D:10     | Killed a wolf spider
 11957 | D:10     | Reached XP level 11. HP: 70/74 MP: 7/18
 12281 | D:10     | Reached skill level 5 in Spellcasting
 12630 | D:11     | Noticed Erica
 12630 | D:11     | Noticed an eight-headed hydra
 12838 | D:10     | Found a staircase to the Lair.
 13252 | D:6      | Noticed mitkoXXVII's ghost (novice BaIE)
 13262 | D:6      | Slain by a hornet

Levels and vault maps discovered:
D:1:      lemuel_arrival_muddy, layout_basic, minmay_misc_feat_room,
          minmay_gold_behind_fungi
D:2:      minmay_chambers_of_ones, layout_loops_corners,
          nicolae_overflow_hidden_temple, minivault_5, grunt_ministairs_9,
          okawaru_gym_becter
D:3:      layout_basic, lemuel_old_faithful
D:4:      layout_basic, serial_shops, shop, grunt_dithmenos_smoke_and_mirrors,
          uniq_edmund
D:5:      layout_layer_cave, first_ration, minmay_strange_pillars,
          abandoned_shop, st_stairs_10
D:6:      layout_rooms, gammafunk_ghost_hive, amethyst_killhole, uniq_pikel
D:7:      layout_basic, minmay_temple_entry_crystal_x, basic_altar, the_bakery,
          minmay_manual_macuahuitl, uniq_menkaure, uniq_harold
D:8:      layout_layer_cave
D:9:      layout_irregular_city
D:10:     layout_loops_ring, due_lair_maze_entry_diamond, fungi_pond_lemuel,
          uniq_snorg
D:11:     hangedman_cross_stitches, layout_loops_ring, patterned_corridor,
          uniq_erica, uniq_josephine
Temple:   roderic_octagonal_lattice_temple

Skill      XL: |  1  2  3  4  5  6  7  8  9 10 11 |
---------------+----------------------------------+-----
Dodging        | 2 3 4 5 6 7 |  7.0
Fighting       | 3 4 5 6 7 |  7.1
Short Blades   | 3 4 |  4.0
Throwing       | 3 4 5 |  5.9
Poison Magic   | 1 2 3 5 6 |  6.4
Conjurations   | 1 2 3 5 6 |  6.5
Air Magic      | 1 2 3 4 |  4.2
Polearms       | 1 2 3 4 |  4.4
Spellcasting   | 1 2 3 4 5 |  5.2
Maces & Flails | |  0.1
Stealth        | |  5.7

Action                   |  1- 3 |  4- 6 |  7- 9 | 10-12 || total
-------------------------+-------+-------+-------+-------++-------
Melee: Dagger            |    41 |    49 |    16 |    14 ||   120
       Constrict         |     6 |    14 |    25 |    23 ||    68
       Tentacles         |     6 |    14 |    19 |    30 ||    69
       Spear             |       |    14 |   130 |   130 ||   274
       Dire flail        |       |     5 |     4 |       ||     9
Throw: Dart              |    17 |    16 |    19 |     4 ||    56
       Javelin           |       |     4 |    20 |     1 ||    25
       Boomerang         |       |       |    26 |    19 ||    45
 Cast: Sting             |       |     7 |    33 |    54 ||    94
       Poisonous Vapours |       |     6 |    39 |    44 ||    89
       Mephitic Cloud    |       |       |     3 |    15 ||    18
       Olgreb's Toxic Ra |       |       |       |     6 ||     6
  Use: Scroll            |       |     7 |     4 |     6 ||    17
       Potion            |       |     2 |     1 |     6 ||     9
 Stab: Sleeping          |    20 |    23 |     7 |     8 ||    58
       Invisible         |       |     3 |       |       ||     3
       Confused          |       |       |     1 |     3 ||     4
       Distracted        |       |       |       |     1 ||     1
  Eat: Chunk             |       |     9 |    16 |    15 ||    40
       Ration            |       |       |     1 |     1 ||     2
Armor: Skin              |       |     2 |       |    10 ||    12
Dodge: Dodged            |    11 |    22 |    70 |   108 ||   211

Table legend:
 A = Non-vault XP
 B = Vault XP
 C = Vault XP percentage of total XP
 D = Non-vault monster count
 E = Vault monster count
 F = Vault count percentage of total count
                 A         B        C        D         E       F
            +---------+---------+-------+---------+---------+-------
      Total |    7076 |    4462 |  38.7 |     230 |      28 |  10.9
            +---------+---------+-------+---------+---------+-------
        D:1 |      58 |       0 |   0.0 |      30 |       0 |   0.0
        D:2 |      54 |      55 |  50.5 |      14 |       7 |  33.3
        D:3 |      32 |       0 |   0.0 |      18 |       0 |   0.0
        D:4 |     384 |     154 |  28.6 |      22 |       1 |   4.3
        D:5 |     419 |      48 |  10.3 |      16 |       2 |  11.1
        D:6 |     991 |     823 |  45.4 |      26 |       4 |  13.3
        D:7 |     338 |    1422 |  80.8 |      11 |       6 |  35.3
        D:8 |    1221 |       0 |   0.0 |      44 |       0 |   0.0
        D:9 |    2019 |    1095 |  35.2 |      28 |       1 |   3.4
       D:10 |    1560 |     865 |  35.7 |      21 |       7 |  25.0
            +---------+---------+-------+---------+---------+-------
